Unix NetHack Version 3.7.0-71 Work-in-progress - last build Jan 31 2023 02:41:03 (7ba98a1283f2b7cec35fde026edb48fc825ab8ae,branch:master). Game began 2023-02-13 03:34:21, ended 2023-02-13 04:10:55. Gandelf, neutral male human Monk --------- ---------- #-.......+ ----------- -------------- |........| #|<......| |.........| |...|_|......| |........| #|.......| |.........| #-...|).......| |........| #|.......-# |.........| #|...---......| |........| #|.......|# -.........|# #..)..........| -----|---- #---------# |.........q@##|............| ###### ### ### #..........|# |............| ### # # #-----------###.............| ##%# ## # # ##### |............| --------.---# # ## # ## -............| |...........# # ### # -------------- |..........| #-----###### # |...........# #|..>.# # ------------ #....| ## |...| 0#######%###### ----- Gandelf the Initiate St:17 Dx:15 Co:11 In:9 Wi:16 Ch:11 Neutral S:6222 Dlvl:7 $:222 HP:0(71) Pw:46(46) AC:6 Xp:8/1410 T:4454 Burdened Latest messages: Perhaps that's why you cannot move it. You hear a monster behind the boulder. Perhaps that's why you cannot move it. You hear a monster behind the boulder. Perhaps that's why you cannot move it. The rothe misses! The rothe bites! The rothe bites! The rothe hits! The rothe bites! The rothe bites! You hit the rothe! You kill the rothe! You see here a rothe corpse. The rothe hits! The rothe bites! The rothe bites! You hit the rothe! The rothe hits! The rothe bites! The rothe bites! You hit the rothe! You kill the rothe! You hit the rothe! The rothe hits! The rothe bites! The rothe bites! You hit the rothe! The rothe hits! The rothe bites! The rothe bites! You kill the rothe! There is a doorway here. You see here 2 rothe corpses. The rothe hits! The rothe bites! The rothe bites! You hit the rothe! The rothe hits! The rothe bites! The rothe bites! The rothe hits! The rothe bites! The rothe bites! You die... Do you want your possessions identified? [ynq] (y) y Do you want to see your attributes? [ynq] (y) y Do you want an account of creatures vanquished? [ynaq] (y) y Do you want to see your conduct and achievements? [ynq] (y) y Do you want to see the dungeon overview? [ynq] (y) y Inventory: Coins $ - 222 gold pieces Amulets A - an uncursed amulet of life saving C - an uncursed amulet of reflection G - an uncursed amulet versus poison Weapons k - 14 +0 arrows x - a +0 bow u - 6 +0 daggers (at the ready) Armor a - an uncursed rotted +2 pair of leather gloves D - an uncursed rusty +0 pair of iron shoes (being worn) b - an uncursed +1 robe (being worn) Comestibles g - 7 uncursed apples f - 3 uncursed food rations i - 3 uncursed fortune cookies h - 6 uncursed oranges q - 3 uncursed tripe rations Scrolls Z - a blessed scroll of blank paper Y - a cursed scroll of blank paper F - a cursed scroll of destroy armor E - a cursed scroll of enchant weapon t - a blessed scroll of genocide d - an uncursed scroll of genocide l - an uncursed scroll of light m - a blessed scroll of remove curse Spellbooks r - an uncursed spellbook of force bolt j - a blessed spellbook of healing Potions O - an uncursed potion of extra healing X - an uncursed potion of gain ability n - an uncursed diluted potion of gain ability s - an uncursed potion of monster detection P - 7 potions of holy water Rings T - a cursed ring of free action Tools K - an empty uncursed sack L - an uncursed wooden flute R - a cursed brass lantern S - an uncursed leash J - a magic marker (0:36) U - an uncursed mirror Q - an uncursed oil lamp p - a +0 pick-axe I - an uncursed skeleton key B - a blessed tallow candle Gems/Stones w - an uncursed worthless piece of green glass z - 2 uncursed worthless pieces of orange glass o - an uncursed worthless piece of red glass V - an uncursed worthless piece of violet glass W - an uncursed worthless piece of yellowish brown glass Gandelf the Monk's attributes: Background: You were an Initiate, a level 8 male human Monk. You were neutral, on a mission for Chih Sung-tzu who was opposed by Shan Lai Ching (lawful) and Huan Ti (chaotic). You were in the Dungeons of Doom, on level 7. You entered the dungeon 4454 turns ago. It was nighttime. You had 1410 experience points, 1150 more were needed to attain level 9. Your score was 6222 before end-of-game adjustments. Basics: You had 0 out of 71 hit points. You had all 46 energy points (spell power). Your armor class was 6. Your wallet contained 222 zorkmids. Autopickup was on for '$?!+/=' plus thrown. Final Characteristics: Your strength was 17 (limit:18/100). Your dexterity was 15 (limit:18). Your constitution was 11 (limit:18). Your intelligence was 9 (limit:18). Your wisdom was 16 (limit:18). Your charisma was 11 (limit:18). Final Status: You were not hungry. You were burdened; movement was slightly slowed. You were bare handed. You had basic skill with martial arts and could have enhanced that. Final Attributes: You were piously aligned. You were sleep resistant. You were poison resistant. You saw invisible. You were telepathic. You were warned. You were stealthy. You were guarded. You were fast. You were lucky. You are dead. Miscellaneous: You never encountered a bones level. Total elapsed playing time was 36 minutes and 33 seconds. Major events: Turn 1: Gandelf the neutral male human Monk entered the dungeon 718: attained the rank of Novice (level 3) 774: entered the Gnomish Mines 979: reached Mine Town 1105: attained the rank of Initiate (level 6) 4454: killed by a rothe Vanquished creatures: a giant mimic 3 small mimics a tengu a chameleon a giant beetle a giant spider a brown pudding an owlbear a snake a rope golem a water nymph 2 mountain nymphs a rock piercer a rock mole 2 yellow lights a shrieker 4 gnome leaders 2 gnomish wizards a gray ooze a straw golem a paper golem 5 giant ants 2 floating eyes a kitten 5 dwarves a homunculus a kobold leader a hill orc 7 rothes an orc zombie 4 dwarf zombies 2 iguanas 3 killer bees 2 acid blobs 2 hobbits a large kobold 2 giant rats a yellow mold a green mold 16 gnomes 2 gnome zombies a gecko 2 jackals a kobold 2 goblins 7 sewer rats 2 grid bugs 8 lichens a kobold zombie a newt 114 creatures vanquished. No species were genocided or became extinct. Voluntary challenges: You never hit with a wielded weapon. You read items or engraved 1 time. You never engraved Elbereth. You never genocided any monsters. You never polymorphed an object. You never changed form. You used no wishes. Achievements: You attained the rank of Novice. You entered the Gnomish Mines. You entered Minetown. You entered a temple. You entered a shop. You attained the rank of Initiate. The Dungeons of Doom: levels 1 to 8 Level 1: Level 2: A general store, a fountain. Level 3: A weapon shop. Level 4: A sink. Stairs down to The Gnomish Mines. Level 5: Level 6: A shop. Level 7: <- You were here. An altar to Chih Sung-tzu. Final resting place for you, killed by a rothe. Level 8: The Gnomish Mines: levels 5 to 7 Level 5: Level 6: Level 7: Many shops, a temple, some fountains. Game over: ---------- / \ / REST \ / IN \ / PEACE \ / \ | Gandelf | | 222 Au | | killed by a | | rothe | | | | | | 2023 | *| * * * | * _________)/\\_//(\/(/\)/\//\/|_)_______ Goodbye Gandelf the Monk... You died in The Dungeons of Doom on dungeon level 7 with 6200 points, and 222 pieces of gold, after 4454 moves. You were level 8 with a maximum of 71 hit points when you died.